Kings vs Rangers
Created - March 22, 2024 at 20:25
Goals
|
| Kings |
1 |
0 |
1 |
2 |
| Rangers |
0 |
2 |
4 |
6 |
|
Shots
|
| Kings |
12 |
6 |
14 |
32 |
| Rangers |
5 |
11 |
17 |
33 |
|
1st period
1. Kings , Johnny Gaudreau 39 (Kevin Shattenkirk 34) at 16:38
Penalties :
Matthew Tkachuk (L.A) for Roughing (Minor) at 5:13, Tomas Hertl (NyR) for Hooking (Minor) at 6:01, Mikko Rantanen (L.A) for Hooking (Minor) at 13:18
2nd period
2. Rangers , Seth Griffith 7 (Magnus Paajarvi 5, T.J Galiardi 6) at 14:37
3. Rangers , Cale Makar 13 (Milan Lucic 51, Sean Couturier 56) at 16:02 (PP)
Penalties :
Colton Parayko (L.A) for Hooking (Minor) at 0:22, Ondrej Palat (NyR) for Hooking (Minor) at 10:18, Johnny Gaudreau (L.A) for Tripping (Minor) at 14:42
3rd period
4. Kings , Matthew Tkachuk 14 (Frans Nielsen 1, Kevin Shattenkirk 35) at 2:34
5. Rangers , Ryan Strome 26 (Milan Lucic 52, Cale Makar 44) at 4:49 (PP)
6. Rangers , Ondrej Palat 16 (Samuel Blais 4, Tomas Hertl 30) at 8:31 (PP)
7. Rangers , T.J Galiardi 4 (Vince Dunn 5, Magnus Paajarvi 6) at 12:09
8. Rangers , Cale Makar 14 (Jake McCabe 17, Milan Lucic 53) at 12:39 (PP)
Penalties :
Colton Parayko (L.A) for Hooking (Minor) at 3:38, Ole-Kristian Tollefsen (L.A) for Tripping (Minor) at 7:22, David Backes (L.A) for Roughing (Minor) at 9:18, Mitch Marner (L.A) for Tripping (Minor) at 12:31, Seth Griffith (NyR) for Hooking (Minor) at 15:44
Goalie Stats
Alexandar Georgiev (L.A), 27 saves from 33 shots - (0.818), L, 22-24-4, 60:00 minutes
Frederik Andersen (NyR), 30 saves from 32 shots - (0.938), W, 16-13-0, 60:00 minutes
Players Stats for Kings
Player Name G A P +/- PIM S H SB GA TA FO MP PP MP PK MP
------------------------------------------------------------------------------------
Auston Matthews 0 0 0 0 0 2 2 0 0 0 13/25 17:26 2:22 0:00
Chris Tierney 0 0 0 0 0 1 2 0 1 0 1/1 20:46 1:58 6:36
Colton Parayko 0 0 0 2 4 1 2 3 0 1 0/0 25:15 0:26 4:45
David Backes 0 0 0 0 2 4 0 0 0 0 1/1 12:56 0:07 0:00
Frans Nielsen 0 1 1 0 0 3 1 0 0 0 8/16 13:03 0:00 6:25
Jared Cowen 0 0 0 -1 0 0 1 4 0 1 0/0 21:53 0:00 6:48
Johnny Gaudreau 1 0 1 0 2 5 2 0 2 0 1/2 18:07 2:22 0:30
Kevin Shattenkirk 0 2 2 2 0 3 3 2 0 1 0/0 23:29 2:58 1:48
Marc Staal 0 0 0 -1 0 1 1 1 0 0 0/0 13:58 0:00 3:45
Matt Martin 0 0 0 0 0 4 4 0 0 0 0/0 13:14 0:00 3:13
Matthew Tkachuk 1 0 1 0 2 2 0 0 0 0 0/0 8:34 2:24 0:00
Mikko Rantanen 0 0 0 0 2 5 0 0 2 0 0/0 17:45 2:41 0:00
Mitch Marner 0 0 0 0 2 0 0 1 0 1 0/2 12:19 1:58 0:00
Neal Pionk 0 0 0 -1 0 0 0 0 0 1 0/0 16:49 1:48 0:27
Ole-Kristian Tollefsen 0 0 0 -1 2 0 0 3 2 2 0/0 13:45 0:00 3:33
Sam Bennett 0 0 0 0 0 0 1 2 0 0 6/13 15:43 1:48 3:25
Tyler Johnson 0 0 0 0 0 0 3 0 2 1 4/13 16:41 2:58 0:57
Zac Rinaldo 0 0 0 0 0 1 0 1 0 0 0/0 6:25 0:00 0:00
Players Stats for Rangers
Player Name G A P +/- PIM S H SB GA TA FO MP PP MP PK MP
------------------------------------------------------------------------------------
Cale Makar 2 1 3 0 0 5 2 1 1 1 0/0 24:19 6:27 0:00
Devante Smith-Pelly 0 0 0 -1 0 1 1 0 0 0 1/1 14:06 0:00 0:00
Dmitry Kulikov 0 0 0 0 0 0 0 1 0 2 0/0 22:15 4:06 1:44
Henrik Samuelsson 0 0 0 -1 0 2 2 0 1 1 4/10 11:47 0:00 1:43
Jake McCabe 0 1 1 0 0 2 1 1 0 0 0/0 27:28 6:27 3:02
Magnus Paajarvi 0 2 2 2 0 0 1 0 0 0 0/0 9:09 0:00 1:20
Mikhail Sergachev 0 0 0 0 0 2 1 1 0 1 0/0 24:05 4:06 3:28
Milan Lucic 0 3 3 -1 0 7 2 0 2 0 3/4 22:37 6:21 0:56
Oliver Bjorkstrand 0 0 0 -1 0 0 0 1 1 0 0/0 10:20 0:00 0:00
Ondrej Palat 1 0 1 -1 2 4 0 0 1 0 0/0 14:12 4:12 0:00
Patrik Nemeth 0 0 0 0 0 1 0 0 0 2 0/0 11:36 0:00 1:18
Ryan Strome 1 0 1 0 0 2 2 1 0 0 0/0 17:48 6:21 0:00
Samuel Blais 0 1 1 0 0 0 1 0 0 0 1/2 15:47 4:12 0:00
Sean Couturier 0 1 1 -1 0 2 2 1 1 1 21/41 24:06 6:21 2:33
Seth Griffith 1 0 1 2 2 2 0 1 0 0 3/5 8:33 0:00 0:53
T.J Galiardi 1 1 2 2 0 2 1 0 0 1 1/1 9:49 0:00 2:07
Tomas Hertl 0 1 1 0 2 0 0 1 1 0 5/9 15:46 4:11 0:00
Vince Dunn 0 1 1 0 0 1 2 1 0 0 0/0 10:17 0:00 0:00
3 Stars
1 - Cale Makar (NyR)
2 - T.J Galiardi (NyR)
3 - Magnus Paajarvi (NyR)
Power Play
Kings - 0 on 3 Attempt(s) - 0.00%
Rangers - 4 on 8 Attempt(s) - 50.00%
Penalty Kill
Kings - 4 on 8 Attempt(s) - 50.00%
- Score 0 goal in Penalty Kill
Rangers - 3 on 3 Attempt(s) - 100.00%
- Score 0 goal in Penalty Kill
Team Stat
Kings - Hits : 22 - Faceoff Wins : 34 - Blocked Shots : 17 - Penalty Minutes : 16
Rangers - Hits : 18 - Faceoff Wins : 39 - Blocked Shots : 10 - Penalty Minutes : 6
Official
Referees : Jacob Brenk and Brian Pochmara
Linesman : Ryan Daisy and Travis Gawryletz
Game Notes
No Game Note
Finance
Level 1 -- Attendance: 6000 (100.00%) -- Ticket Income $600,000
Level 2 -- Attendance: 5000 (100.00%) -- Ticket Income $300,000
Level 3 -- Attendance: 2000 (100.00%) -- Ticket Income $70,000
Level 4 -- Attendance: 3827 (95.68%) -- Ticket Income $95,675
Luxury Box -- Attendance: 1000 (100.00%) -- Ticket Income $200,000
Game was played at the Madison Square Garden.
Total Attendance: 17827 (99.04%)
Total Ticket Income: $1,265,675
Other Income: $189,851
Total Income: $1,455,526
Kings
5 vs 5 Forward
Center Left Wing Right Wing Time % Phy DF OF
1 Auston Matthews Johnny Gaudreau Mikko Rantanen 35 1 1 3
2 Tyler Johnson Chris Tierney David Backes 30 1 2 2
3 Sam Bennett Matt Martin Mitch Marner 25 1 2 2
4 Frans Nielsen Zac Rinaldo Matthew Tkachuk 10 1 2 2
5 vs 5 Defense
Defense Defense Time % Phy DF OF
1 Kevin Shattenkirk Colton Parayko 45 1 2 2
2 Jared Cowen Neal Pionk 35 1 2 2
3 Ole-Kristian Tollefsen Marc Staal 20 1 2 2
4 Jared Cowen Colton Parayko 0 1 2 2
PowerPlay Forward
Center Left Wing Right Wing Time % Phy DF OF
1 Auston Matthews Johnny Gaudreau Mikko Rantanen 60 0 1 4
2 Mitch Marner Chris Tierney Matthew Tkachuk 40 0 1 4
PowerPlay Defense
Defense Defense Time % Phy DF OF
1 Kevin Shattenkirk Tyler Johnson 60 0 2 3
2 Sam Bennett Neal Pionk 40 0 2 3
Penalty Kill 4 Players Forward
Center Wing Time % Phy DF OF
1 Frans Nielsen Chris Tierney 60 1 3 1
2 Sam Bennett Matt Martin 40 1 3 1
Penalty Kill 4 Players Defense
Defense Defense Time % Phy DF OF
1 Jared Cowen Colton Parayko 60 1 4 0
2 Ole-Kristian Tollefsen Marc Staal 40 1 4 0
Penalty Kill - 3 Players Forward
Forward Time % Phy DF OF
1 Chris Tierney 60 1 3 1
2 Sam Bennett 40 1 3 1
Penalty Kill - 3 Players Defense
Defense Defense Time % Phy DF OF
1 Jared Cowen Colton Parayko 60 1 4 0
2 Ole-Kristian Tollefsen Marc Staal 40 1 4 0
4 vs 4 Forward
Center Wing Time % Phy DF OF
1 Auston Matthews Johnny Gaudreau 55 1 1 3
2 Tyler Johnson Mikko Rantanen 45 1 1 3
4 vs 4 Defense
Defense Defense Time % Phy DF OF
1 Kevin Shattenkirk Colton Parayko 60 1 3 1
2 Jared Cowen Marc Staal 40 0 3 2
Last Minutes Offensive
Center Left Wing Right Wing Defense Defense
Tyler Johnson Johnny Gaudreau Mikko Rantanen Kevin Shattenkirk Colton Parayko
Last Minutes Defensive
Center Left Wing Right Wing Defense Defense
Tyler Johnson Chris Tierney Mikko Rantanen Jared Cowen Colton Parayko
Goaltenders
Starting : Alexandar Georgiev
Backup : Carter Hutton
Extra Forwards
Normal : Tyler Johnson, Auston Matthews, Sam Bennett - PP : David Backes, Matt Martin - PK : Tyler Johnson
Extra Defensemen
Normal : Colton Parayko, Jared Cowen, Kevin Shattenkirk - PP : Colton Parayko - PK : Kevin Shattenkirk, Neal Pionk
Penalty Shots
Tyler Johnson, Chris Tierney, Matt Martin, Mikko Rantanen, Auston Matthews
Custom OT Lines Forwards
Johnny Gaudreau, Tyler Johnson, David Backes, Mikko Rantanen, Auston Matthews, Chris Tierney, Sam Bennett, Mitch Marner, Matthew Tkachuk, Matt Martin
Custom OT Lines Defensemen
Jared Cowen, Colton Parayko, Kevin Shattenkirk, Marc Staal, Neal Pionk
Scratches
None
Rangers
5 vs 5 Forward
Center Left Wing Right Wing Time % Phy DF OF
1 Sean Couturier Milan Lucic Devante Smith-Pelly 40 1 2 2
2 Tomas Hertl Samuel Blais Ryan Strome 30 1 2 2
3 Henrik Samuelsson Ondrej Palat Oliver Bjorkstrand 20 1 2 2
4 Seth Griffith T.J Galiardi Magnus Paajarvi 10 1 2 2
5 vs 5 Defense
Defense Defense Time % Phy DF OF
1 Cale Makar Jake McCabe 40 1 2 2
2 Mikhail Sergachev Dmitry Kulikov 35 1 2 2
3 Vince Dunn Patrik Nemeth 25 1 2 2
4 Cale Makar Jake McCabe 0 1 2 2
PowerPlay Forward
Center Left Wing Right Wing Time % Phy DF OF
1 Sean Couturier Milan Lucic Ryan Strome 60 1 2 2
2 Tomas Hertl Samuel Blais Ondrej Palat 40 1 2 2
PowerPlay Defense
Defense Defense Time % Phy DF OF
1 Cale Makar Jake McCabe 60 1 2 2
2 Dmitry Kulikov Mikhail Sergachev 40 1 2 2
Penalty Kill 4 Players Forward
Center Wing Time % Phy DF OF
1 Sean Couturier T.J Galiardi 60 1 2 2
2 Seth Griffith Henrik Samuelsson 40 1 2 2
Penalty Kill 4 Players Defense
Defense Defense Time % Phy DF OF
1 Jake McCabe Mikhail Sergachev 60 1 2 2
2 Dmitry Kulikov Patrik Nemeth 40 1 2 2
Penalty Kill - 3 Players Forward
Forward Time % Phy DF OF
1 Sean Couturier 60 1 2 2
2 Henrik Samuelsson 40 1 2 2
Penalty Kill - 3 Players Defense
Defense Defense Time % Phy DF OF
1 Jake McCabe Mikhail Sergachev 60 1 2 2
2 Dmitry Kulikov Patrik Nemeth 40 1 2 2
4 vs 4 Forward
Center Wing Time % Phy DF OF
1 Milan Lucic Sean Couturier 60 1 2 2
2 Tomas Hertl Samuel Blais 40 1 2 2
4 vs 4 Defense
Defense Defense Time % Phy DF OF
1 Cale Makar Jake McCabe 60 1 2 2
2 Dmitry Kulikov Mikhail Sergachev 40 1 2 2
Last Minutes Offensive
Center Left Wing Right Wing Defense Defense
Sean Couturier Milan Lucic Ryan Strome Cale Makar Jake McCabe
Last Minutes Defensive
Center Left Wing Right Wing Defense Defense
Sean Couturier Milan Lucic T.J Galiardi Jake McCabe Dmitry Kulikov
Goaltenders
Starting : Frederik Andersen
Backup : Samuel Montembeault
Extra Forwards
Normal : Samuel Blais, Oliver Bjorkstrand, Magnus Paajarvi - PP : Samuel Blais, Oliver Bjorkstrand - PK : Magnus Paajarvi
Extra Defensemen
Normal : Vince Dunn, Mikhail Sergachev, Cale Makar - PP : Vince Dunn - PK : Mikhail Sergachev, Cale Makar
Penalty Shots
Milan Lucic, Sean Couturier, Tomas Hertl, Samuel Blais, Ryan Strome
Custom OT Lines Forwards
Milan Lucic, Sean Couturier, Tomas Hertl, Ryan Strome, Devante Smith-Pelly, Samuel Blais, Oliver Bjorkstrand, T.J Galiardi, Ondrej Palat, Henrik Samuelsson
Custom OT Lines Defensemen
Cale Makar, Jake McCabe, Mikhail Sergachev, Vince Dunn, Dmitry Kulikov
Scratches
Chris Mcallister (Healthy), Richard Panik (Healthy)
% Time on Ice - Kings
Lines # - Real PCT - Wanted PCT - Time Play
Normal Forward
1 - 34% - 35% - 14:54
2 - 28% - 30% - 12:12
3 - 23% - 25% - 9:59
4 - 15% - 10% - 6:25
Normal Defense
1 - 42% - 45% - 18:15
2 - 32% - 35% - 14:03
3 - 23% - 20% - 10:11
4 - 2% - 0% - 1:01
PP Forward
1 - 50% - 60% - 2:22
2 - 50% - 40% - 2:24
PP Defense
1 - 62% - 60% - 2:58
2 - 38% - 40% - 1:48
PK Forward
1 - 70% - 60% - 7:20
2 - 30% - 40% - 3:13
PK Defense
1 - 66% - 60% - 7:00
2 - 34% - 40% - 3:33
PK3 Forward
1 - 0% - 60%
2 - 0% - 40%
PK3 Defense
1 - 0% - 60%
2 - 0% - 40%
44 Forward
1 - 34% - 55% - 0:24
2 - 66% - 45% - 0:47
44 Defense
1 - 100% - 60% - 1:11
2 - 0% - 40% - 0:00
Last Minute Offensive - 0:00
Last Minute Defensive - 0:00
Total
Forward - 60:00
Defense - 60:00
|
% Time on Ice - Rangers
Lines # - Real PCT - Wanted PCT - Time Play
Normal Forward
1 - 33% - 40% - 14:17
2 - 27% - 30% - 11:35
3 - 23% - 20% - 10:04
4 - 17% - 10% - 7:34
Normal Defense
1 - 40% - 40% - 17:34
2 - 36% - 35% - 15:39
3 - 24% - 25% - 10:17
4 - 0% - 0% - 0:00
PP Forward
1 - 60% - 60% - 6:21
2 - 40% - 40% - 4:12
PP Defense
1 - 61% - 60% - 6:27
2 - 39% - 40% - 4:06
PK Forward
1 - 74% - 60% - 3:31
2 - 26% - 40% - 1:15
PK Defense
1 - 64% - 60% - 3:02
2 - 36% - 40% - 1:44
PK3 Forward
1 - 0% - 60%
2 - 0% - 40%
PK3 Defense
1 - 0% - 60%
2 - 0% - 40%
44 Forward
1 - 100% - 60% - 1:11
2 - 0% - 40% - 0:00
44 Defense
1 - 35% - 60% - 0:25
2 - 65% - 40% - 0:46
Last Minute Offensive - 0:00
Last Minute Defensive - 0:00
Total
Forward - 60:00
Defense - 60:00
|
Play-by-Play
1st period
0:01 of 1st period - Auston Matthews wins face-off versus Milan Lucic in neutral zone.
0:08 of 1st period - Snap shot by Auston Matthews.
0:08 of 1st period - Shot Blocked by Sean Couturier.
0:10 of 1st period - Slapshot by Mikko Rantanen.
0:10 of 1st period - Stopped by Frederik Andersen with a rebound.
0:12 of 1st period - Slapshot by Kevin Shattenkirk.
0:12 of 1st period - Stopped by Frederik Andersen without a rebound.
0:13 of 1st period - Tyler Johnson wins face-off versus Tomas Hertl in Rangers zone.
0:20 of 1st period - Wrist shot by David Backes.
0:20 of 1st period - Stopped by Frederik Andersen with a rebound.
0:22 of 1st period - Slapshot by Chris Tierney.
0:22 of 1st period - Shot Misses the Net.
0:24 of 1st period - Slapshot by Jared Cowen.
0:24 of 1st period - Shot Misses the Net.
0:26 of 1st period - Wrist shot by David Backes.
0:26 of 1st period - Deflect By Dmitry Kulikov.
0:26 of 1st period - Stopped by Frederik Andersen without a rebound.
0:27 of 1st period - Henrik Samuelsson wins face-off versus Mitch Marner in Rangers zone.
0:34 of 1st period - Wrist shot by Ondrej Palat.
0:34 of 1st period - Stopped by Alexandar Georgiev without a rebound.
0:35 of 1st period - Sam Bennett wins face-off versus Henrik Samuelsson in Kings zone.
0:56 of 1st period - Sam Bennett is hit by Henrik Samuelsson and loses puck.
1:00 of 1st period - Icing by Sam Bennett.
1:01 of 1st period - Sean Couturier wins face-off versus Sam Bennett in Kings zone.
1:02 of 1st period - Snap shot by Devante Smith-Pelly.
1:02 of 1st period - Deflect By Milan Lucic.
1:02 of 1st period - Shot Blocked by Sam Bennett.
1:02 of 1st period - Puck is out of play.
1:03 of 1st period - Sean Couturier wins face-off versus Auston Matthews in Kings zone.
1:06 of 1st period - Snap shot by Milan Lucic.
1:06 of 1st period - Stopped by Alexandar Georgiev with a rebound.
1:08 of 1st period - Snap shot by Milan Lucic.
1:08 of 1st period - Deflect By Devante Smith-Pelly.
1:08 of 1st period - Shot Blocked by Colton Parayko.
1:08 of 1st period - Puck is out of play.
1:09 of 1st period - Auston Matthews wins face-off versus Sean Couturier in Kings zone.
1:26 of 1st period - Auston Matthews is hit by Sean Couturier and loses puck.
1:47 of 1st period - Wrist shot by Milan Lucic.
1:47 of 1st period - Stopped by Alexandar Georgiev without a rebound.
1:48 of 1st period - Tomas Hertl wins face-off versus Tyler Johnson in Kings zone.
2:40 of 1st period - Patrik Nemeth is hit by Frans Nielsen and loses puck.
2:45 of 1st period - Snap shot by Kevin Shattenkirk.
2:45 of 1st period - Shot Blocked by Vince Dunn.
2:47 of 1st period - Slapshot by Kevin Shattenkirk.
2:47 of 1st period - Deflect By Zac Rinaldo.
2:47 of 1st period - Shot Misses the Net.
2:47 of 1st period - Puck is out of play.
2:48 of 1st period - Tomas Hertl wins face-off versus Sam Bennett in Rangers zone.
3:40 of 1st period - Snap shot by Ondrej Palat.
3:40 of 1st period - Shot Misses the Net.
3:58 of 1st period - Wrist shot by Johnny Gaudreau.
3:58 of 1st period - Stopped by Frederik Andersen with a rebound.
4:06 of 1st period - Slapshot by Johnny Gaudreau.
4:06 of 1st period - Shot Blocked by Dmitry Kulikov.
4:08 of 1st period - Wrist shot by Johnny Gaudreau.
4:08 of 1st period - Shot Misses the Net.
4:26 of 1st period - Slapshot by Ondrej Palat.
4:26 of 1st period - Stopped by Alexandar Georgiev without a rebound.
4:27 of 1st period - Chris Tierney wins face-off versus Sean Couturier in Kings zone.
5:13 of 1st period - Minor Penalty to Matthew Tkachuk for Roughing.
5:14 of 1st period - Frans Nielsen wins face-off versus Sean Couturier in Kings zone.
6:01 of 1st period - Minor Penalty to Tomas Hertl for Hooking.
6:02 of 1st period - Milan Lucic wins face-off versus Johnny Gaudreau in Rangers zone.
6:02 of 1st period - Milan Lucic is hit by Johnny Gaudreau.
6:38 of 1st period - Sean Couturier is hit by Colton Parayko and loses puck.
7:13 of 1st period - Penalty to Matthew Tkachuk is over, Matthew Tkachuk is back on ice.
7:38 of 1st period - Slapshot by Kevin Shattenkirk.
7:38 of 1st period - Deflect By Mikko Rantanen.
7:38 of 1st period - Deflect By Mikhail Sergachev.
7:38 of 1st period - Shot Misses the Net.
7:38 of 1st period - Puck is out of play.
7:39 of 1st period - Seth Griffith wins face-off versus Mitch Marner in Rangers zone.
8:00 of 1st period - Snap shot by David Backes.
8:00 of 1st period - Stopped by Frederik Andersen without a rebound.
8:01 of 1st period - Penalty to Tomas Hertl is over, Tomas Hertl is back on ice.
8:01 of 1st period - Johnny Gaudreau wins face-off versus Tomas Hertl in Rangers zone.
8:06 of 1st period - Snap shot by David Backes.
8:06 of 1st period - Deflect By Jake McCabe.
8:06 of 1st period - Shot Misses the Net.
8:06 of 1st period - Puck is out of play.
8:07 of 1st period - Auston Matthews wins face-off versus Tomas Hertl in Rangers zone.
8:10 of 1st period - Snap shot by Johnny Gaudreau.
8:10 of 1st period - Stopped by Frederik Andersen with a rebound.
8:24 of 1st period - Wrist shot by Auston Matthews.
8:24 of 1st period - Stopped by Frederik Andersen without a rebound.
8:25 of 1st period - Seth Griffith wins face-off versus Sam Bennett in Rangers zone.
9:33 of 1st period - Neal Pionk is hit by Henrik Samuelsson and loses puck.
9:40 of 1st period - Snap shot by Oliver Bjorkstrand.
9:40 of 1st period - Shot Misses the Net.
9:50 of 1st period - Vince Dunn is hit by Sam Bennett and loses puck.
9:57 of 1st period - Kevin Shattenkirk is hit by T.J Galiardi and loses puck.
10:38 of 1st period - Snap shot by Johnny Gaudreau.
10:38 of 1st period - Stopped by Frederik Andersen without a rebound.
10:39 of 1st period - Sam Bennett wins face-off versus Sean Couturier in Rangers zone.
11:04 of 1st period - Tyler Johnson is hit by Cale Makar and loses puck.
11:17 of 1st period - Neal Pionk is hit by Ryan Strome and loses puck.
11:25 of 1st period - Icing by David Backes.
11:26 of 1st period - Henrik Samuelsson wins face-off versus Auston Matthews in Kings zone.
12:19 of 1st period - Slapshot by Tomas Hertl.
12:19 of 1st period - Shot Misses the Net.
12:35 of 1st period - Wrist shot by Chris Tierney.
12:35 of 1st period - Shot Blocked by Cale Makar.
13:12 of 1st period - Slapshot by Cale Makar.
13:12 of 1st period - Shot Blocked by Ole-Kristian Tollefsen.
13:18 of 1st period - Minor Penalty to Mikko Rantanen for Hooking.
13:19 of 1st period - Sean Couturier wins face-off versus Frans Nielsen in Kings zone.
13:20 of 1st period - Wrist shot by Milan Lucic.
13:20 of 1st period - Shot Blocked by Jared Cowen.
13:25 of 1st period - Off-side.
13:26 of 1st period - Frans Nielsen wins face-off versus Sean Couturier in neutral zone.
13:31 of 1st period - Snap shot by Milan Lucic.
13:31 of 1st period - Shot Misses the Net.
15:06 of 1st period - Milan Lucic is hit by Matt Martin and loses puck.
15:18 of 1st period - Penalty to Mikko Rantanen is over, Mikko Rantanen is back on ice.
16:05 of 1st period - Jared Cowen is hit by Magnus Paajarvi and loses puck.
16:38 of 1st period - Snap shot by Johnny Gaudreau.
16:38 of 1st period - Goal by Johnny Gaudreau - Kings : 1 - Rangers : 0.
16:39 of 1st period - Sean Couturier wins face-off versus Tyler Johnson in neutral zone.
16:56 of 1st period - Wrist shot by Milan Lucic.
16:56 of 1st period - Stopped by Alexandar Georgiev with a rebound.
17:06 of 1st period - Tomas Hertl is hit by Kevin Shattenkirk and loses puck.
17:47 of 1st period - Wrist shot by Frans Nielsen.
17:47 of 1st period - Shot Misses the Net.
17:49 of 1st period - Snap shot by Frans Nielsen.
17:49 of 1st period - Shot Misses the Net.
17:53 of 1st period - Snap shot by Frans Nielsen.
17:53 of 1st period - Shot Misses the Net.
17:55 of 1st period - Slapshot by Kevin Shattenkirk.
17:55 of 1st period - Stopped by Frederik Andersen without a rebound.
17:56 of 1st period - Devante Smith-Pelly wins face-off versus Tyler Johnson in Rangers zone.
17:56 of 1st period - Devante Smith-Pelly is hit by Chris Tierney.
18:04 of 1st period - Slapshot by Cale Makar.
18:04 of 1st period - Shot Blocked by Ole-Kristian Tollefsen.
18:06 of 1st period - Snap shot by Milan Lucic.
18:06 of 1st period - Shot Blocked by Ole-Kristian Tollefsen.
18:24 of 1st period - Snap shot by Mitch Marner.
18:24 of 1st period - Shot Misses the Net.
18:39 of 1st period - Icing by Marc Staal.
18:40 of 1st period - Sam Bennett wins face-off versus Henrik Samuelsson in Kings zone.
19:09 of 1st period - Wrist shot by Oliver Bjorkstrand.
19:09 of 1st period - Shot Hit the Post.
19:11 of 1st period - Slapshot by Dmitry Kulikov.
19:11 of 1st period - Shot Misses the Net.
19:13 of 1st period - Snap shot by Sean Couturier.
19:13 of 1st period - Shot Misses the Net.
19:15 of 1st period - Wrist shot by Dmitry Kulikov.
19:15 of 1st period - Shot Misses the Net.
19:40 of 1st period - Wrist shot by Samuel Blais.
19:40 of 1st period - Shot Blocked by Jared Cowen.
19:42 of 1st period - Slapshot by Mikhail Sergachev.
19:42 of 1st period - Shot Blocked by Sam Bennett.
19:56 of 1st period - Wrist shot by Frans Nielsen.
19:56 of 1st period - Stopped by Frederik Andersen without a rebound.
19:57 of 1st period - Sean Couturier wins face-off versus Frans Nielsen in Rangers zone.
Goals for this period are 1 for Kings vs 0 for Rangers.
Shots for this period are 12 for Kings vs 5 for Rangers.
2nd period
0:01 of 2nd period - Sean Couturier wins face-off versus Auston Matthews in neutral zone.
0:22 of 2nd period - Minor Penalty to Colton Parayko for Hooking.
0:23 of 2nd period - Frans Nielsen wins face-off versus Sean Couturier in Kings zone.
1:49 of 2nd period - Frans Nielsen is hit by Milan Lucic and loses puck.
2:21 of 2nd period - Ondrej Palat is hit by Tyler Johnson and loses puck.
2:22 of 2nd period - Penalty to Colton Parayko is over, Colton Parayko is back on ice.
2:28 of 2nd period - Jared Cowen is hit by Vince Dunn and loses puck.
4:35 of 2nd period - Henrik Samuelsson is hit by Jared Cowen and loses puck.
5:00 of 2nd period - David Backes is hit by Cale Makar and loses puck.
5:59 of 2nd period - Icing by Vince Dunn.
6:00 of 2nd period - Auston Matthews wins face-off versus Sean Couturier in Rangers zone.
6:21 of 2nd period - Jake McCabe is hit by Matt Martin and loses puck.
6:46 of 2nd period - Snap shot by Chris Tierney.
6:46 of 2nd period - Stopped by Frederik Andersen with a rebound.
7:08 of 2nd period - Snap shot by T.J Galiardi.
7:08 of 2nd period - Shot Misses the Net.
7:10 of 2nd period - Backhand shot by Jake McCabe.
7:10 of 2nd period - Stopped by Alexandar Georgiev without a rebound.
7:11 of 2nd period - Auston Matthews wins face-off versus Seth Griffith in Kings zone.
7:11 of 2nd period - Auston Matthews is hit by Mikhail Sergachev.
7:20 of 2nd period - Slapshot by Dmitry Kulikov.
7:20 of 2nd period - Deflect By Magnus Paajarvi.
7:20 of 2nd period - Shot Misses the Net.
7:20 of 2nd period - Puck is out of play.
7:21 of 2nd period - Sean Couturier wins face-off versus Auston Matthews in Kings zone.
7:22 of 2nd period - Snap shot by Milan Lucic.
7:22 of 2nd period - Stopped by Alexandar Georgiev without a rebound.
7:23 of 2nd period - Sean Couturier wins face-off versus Tyler Johnson in Kings zone.
7:38 of 2nd period - Slapshot by Cale Makar.
7:38 of 2nd period - Stopped by Alexandar Georgiev without a rebound.
7:39 of 2nd period - Samuel Blais wins face-off versus Auston Matthews in Kings zone.
7:44 of 2nd period - Wrist shot by Ryan Strome.
7:44 of 2nd period - Shot Misses the Net.
7:54 of 2nd period - Slapshot by Kevin Shattenkirk.
7:54 of 2nd period - Shot Blocked by Tomas Hertl.
8:14 of 2nd period - Snap shot by David Backes.
8:14 of 2nd period - Shot Misses the Net.
8:16 of 2nd period - Slapshot by Kevin Shattenkirk.
8:16 of 2nd period - Shot Blocked by Mikhail Sergachev.
8:44 of 2nd period - Slapshot by Cale Makar.
8:44 of 2nd period - Shot Misses the Net.
9:24 of 2nd period - Icing by Auston Matthews.
9:25 of 2nd period - Auston Matthews wins face-off versus Sean Couturier in Kings zone.
10:18 of 2nd period - Minor Penalty to Ondrej Palat for Hooking.
10:19 of 2nd period - T.J Galiardi wins face-off versus Auston Matthews in Rangers zone.
12:18 of 2nd period - Penalty to Ondrej Palat is over, Ondrej Palat is back on ice.
12:25 of 2nd period - Mitch Marner is hit by Samuel Blais and loses puck.
12:43 of 2nd period - Marc Staal is hit by Vince Dunn.
12:49 of 2nd period - Snap shot by Frans Nielsen.
12:49 of 2nd period - Stopped by Frederik Andersen with a rebound.
12:51 of 2nd period - Snap shot by Zac Rinaldo.
12:51 of 2nd period - Stopped by Frederik Andersen without a rebound.
12:52 of 2nd period - Auston Matthews wins face-off versus Samuel Blais in Rangers zone.
13:12 of 2nd period - Icing by Cale Makar.
13:13 of 2nd period - Sam Bennett wins face-off versus Henrik Samuelsson in Rangers zone.
13:20 of 2nd period - Snap shot by Oliver Bjorkstrand.
13:20 of 2nd period - Shot Misses the Net.
13:24 of 2nd period - Wrist shot by Henrik Samuelsson.
13:24 of 2nd period - Stopped by Alexandar Georgiev with a rebound.
13:26 of 2nd period - Snap shot by Ondrej Palat.
13:26 of 2nd period - Shot Blocked by Kevin Shattenkirk.
13:30 of 2nd period - Snap shot by Henrik Samuelsson.
13:30 of 2nd period - Stopped by Alexandar Georgiev with a rebound.
13:40 of 2nd period - Devante Smith-Pelly is hit by Kevin Shattenkirk and loses puck.
13:45 of 2nd period - Slapshot by Mikko Rantanen.
13:45 of 2nd period - Shot Misses the Net.
13:53 of 2nd period - Wrist shot by Johnny Gaudreau.
13:53 of 2nd period - Shot Misses the Net.
14:29 of 2nd period - Backhand shot by Seth Griffith.
14:29 of 2nd period - Shot Misses the Net.
14:37 of 2nd period - Wrist shot by Seth Griffith.
14:37 of 2nd period - Goal by Seth Griffith - Kings : 1 - Rangers : 1.
14:38 of 2nd period - Sean Couturier wins face-off versus Auston Matthews in neutral zone.
14:42 of 2nd period - Minor Penalty to Johnny Gaudreau for Tripping.
14:43 of 2nd period - Frans Nielsen wins face-off versus Sean Couturier in Kings zone.
14:58 of 2nd period - Wrist shot by Sean Couturier.
14:58 of 2nd period - Shot Blocked by Jared Cowen.
15:00 of 2nd period - Slapshot by Cale Makar.
15:00 of 2nd period - Stopped by Alexandar Georgiev without a rebound.
15:01 of 2nd period - Tomas Hertl wins face-off versus Frans Nielsen in Kings zone.
15:40 of 2nd period - Wrist shot by Cale Makar.
15:40 of 2nd period - Deflect By Milan Lucic.
15:40 of 2nd period - Shot Misses the Net.
15:40 of 2nd period - Puck is out of play.
15:41 of 2nd period - Frans Nielsen wins face-off versus Sean Couturier in Kings zone.
15:54 of 2nd period - Wrist shot by Milan Lucic.
15:54 of 2nd period - Shot Misses the Net.
15:56 of 2nd period - Slapshot by Mikhail Sergachev.
15:56 of 2nd period - Stopped by Alexandar Georgiev without a rebound.
15:57 of 2nd period - Sean Couturier wins face-off versus Frans Nielsen in Kings zone.
16:02 of 2nd period - Slapshot by Cale Makar.
16:02 of 2nd period - Goal by Cale Makar - Kings : 1 - Rangers : 2.
16:03 of 2nd period - Auston Matthews wins face-off versus Sean Couturier in neutral zone.
16:29 of 2nd period - Tyler Johnson is hit by Ryan Strome and loses puck.
17:25 of 2nd period - Johnny Gaudreau is hit by Sean Couturier.
17:43 of 2nd period - Snap shot by Seth Griffith.
17:43 of 2nd period - Shot Misses the Net.
17:55 of 2nd period - Vince Dunn is hit by Matt Martin and loses puck.
18:02 of 2nd period - Wrist shot by Matt Martin.
18:02 of 2nd period - Stopped by Frederik Andersen with a rebound.
18:38 of 2nd period - Snap shot by Mikko Rantanen.
18:38 of 2nd period - Stopped by Frederik Andersen with a rebound.
18:40 of 2nd period - Slapshot by Ole-Kristian Tollefsen.
18:40 of 2nd period - Shot Blocked by Oliver Bjorkstrand.
18:42 of 2nd period - Slapshot by Marc Staal.
18:42 of 2nd period - Stopped by Frederik Andersen with a rebound.
19:24 of 2nd period - Magnus Paajarvi is hit by Kevin Shattenkirk and loses puck.
19:39 of 2nd period - Snap shot by Mikko Rantanen.
19:39 of 2nd period - Shot Blocked by Seth Griffith.
19:49 of 2nd period - Snap shot by Seth Griffith.
19:49 of 2nd period - Stopped by Alexandar Georgiev with a rebound.
19:53 of 2nd period - Snap shot by T.J Galiardi.
19:53 of 2nd period - Shot Blocked by Marc Staal.
19:55 of 2nd period - Slapshot by Mikhail Sergachev.
19:55 of 2nd period - Stopped by Alexandar Georgiev without a rebound.
19:56 of 2nd period - Tyler Johnson wins face-off versus Sean Couturier in Kings zone.
Goals for this period are 0 for Kings vs 2 for Rangers.
Shots for this period are 6 for Kings vs 11 for Rangers.
3rd period
0:01 of 3rd period - Sean Couturier wins face-off versus Auston Matthews in neutral zone.
0:22 of 3rd period - Sean Couturier is hit by Johnny Gaudreau.
0:32 of 3rd period - Snap shot by Colton Parayko.
0:32 of 3rd period - Stopped by Frederik Andersen without a rebound.
0:33 of 3rd period - Tyler Johnson wins face-off versus Tomas Hertl in Rangers zone.
1:06 of 3rd period - Backhand shot by Frans Nielsen.
1:06 of 3rd period - Shot Blocked by Ryan Strome.
1:08 of 3rd period - Wrist shot by Frans Nielsen.
1:08 of 3rd period - Shot Misses the Net.
1:10 of 3rd period - Snap shot by Matthew Tkachuk.
1:10 of 3rd period - Stopped by Frederik Andersen with a rebound.
1:32 of 3rd period - Milan Lucic is hit by Auston Matthews and loses puck.
1:51 of 3rd period - Snap shot by Sam Bennett.
1:51 of 3rd period - Shot Hit the Post.
1:53 of 3rd period - Snap shot by Mitch Marner.
1:53 of 3rd period - Shot Misses the Net.
2:32 of 3rd period - Snap shot by Frans Nielsen.
2:32 of 3rd period - Stopped by Frederik Andersen with a rebound.
2:34 of 3rd period - Slapshot by Matthew Tkachuk.
2:34 of 3rd period - Goal by Matthew Tkachuk - Kings : 2 - Rangers : 2.
2:35 of 3rd period - Tyler Johnson wins face-off versus Sean Couturier in neutral zone.
2:43 of 3rd period - Icing by Cale Makar.
2:44 of 3rd period - Milan Lucic wins face-off versus Tyler Johnson in Rangers zone.
3:25 of 3rd period - Snap shot by Milan Lucic.
3:25 of 3rd period - Stopped by Alexandar Georgiev without a rebound.
3:26 of 3rd period - Tomas Hertl wins face-off versus Auston Matthews in Kings zone.
3:38 of 3rd period - Minor Penalty to Colton Parayko for Hooking.
3:39 of 3rd period - Sean Couturier wins face-off versus Frans Nielsen in Kings zone.
3:45 of 3rd period - Wrist shot by Milan Lucic.
3:45 of 3rd period - Stopped by Alexandar Georgiev without a rebound.
3:46 of 3rd period - Frans Nielsen wins face-off versus Sean Couturier in Kings zone.
4:11 of 3rd period - Snap shot by Ryan Strome.
4:11 of 3rd period - Shot Blocked by Kevin Shattenkirk.
4:49 of 3rd period - Snap shot by Ryan Strome.
4:49 of 3rd period - Goal by Ryan Strome - Kings : 2 - Rangers : 3.
4:50 of 3rd period - Auston Matthews wins face-off versus Henrik Samuelsson in neutral zone.
5:01 of 3rd period - Snap shot by Auston Matthews.
5:01 of 3rd period - Stopped by Frederik Andersen without a rebound.
5:02 of 3rd period - Henrik Samuelsson wins face-off versus Auston Matthews in Rangers zone.
5:11 of 3rd period - Snap shot by Mikko Rantanen.
5:11 of 3rd period - Stopped by Frederik Andersen without a rebound.
5:12 of 3rd period - Auston Matthews wins face-off versus Henrik Samuelsson in Rangers zone.
5:25 of 3rd period - Dmitry Kulikov is hit by Auston Matthews and loses puck.
5:59 of 3rd period - Off-side.
6:00 of 3rd period - Sean Couturier wins face-off versus Sam Bennett in neutral zone.
6:07 of 3rd period - Snap shot by Matt Martin.
6:07 of 3rd period - Stopped by Frederik Andersen with a rebound.
6:17 of 3rd period - Matt Martin is hit by Jake McCabe and loses puck.
6:32 of 3rd period - Tomas Hertl is hit by Tyler Johnson and loses puck.
7:11 of 3rd period - Vince Dunn is hit by Marc Staal and loses puck.
7:22 of 3rd period - Minor Penalty to Ole-Kristian Tollefsen for Tripping.
7:23 of 3rd period - Frans Nielsen wins face-off versus Sean Couturier in Kings zone.
7:40 of 3rd period - Wrist shot by Milan Lucic.
7:40 of 3rd period - Shot Misses the Net.
8:08 of 3rd period - Tomas Hertl is hit by Matt Martin and loses puck.
8:17 of 3rd period - Snap shot by Samuel Blais.
8:17 of 3rd period - Shot Misses the Net.
8:31 of 3rd period - Snap shot by Ondrej Palat.
8:31 of 3rd period - Goal by Ondrej Palat - Kings : 2 - Rangers : 4.
8:32 of 3rd period - Sean Couturier wins face-off versus Sam Bennett in neutral zone.
8:44 of 3rd period - Icing by Marc Staal.
8:45 of 3rd period - Sam Bennett wins face-off versus Sean Couturier in Kings zone.
8:45 of 3rd period - Sam Bennett is hit by Milan Lucic.
8:51 of 3rd period - Slapshot by Matt Martin.
8:51 of 3rd period - Shot Misses the Net.
8:59 of 3rd period - Snap shot by Sam Bennett.
8:59 of 3rd period - Deflect By Matt Martin.
8:59 of 3rd period - Stopped by Frederik Andersen without a rebound.
9:00 of 3rd period - Sean Couturier wins face-off versus Tyler Johnson in Rangers zone.
9:05 of 3rd period - Snap shot by Sean Couturier.
9:05 of 3rd period - Stopped by Alexandar Georgiev with a rebound.
9:18 of 3rd period - Minor Penalty to David Backes for Roughing.
9:19 of 3rd period - Sean Couturier wins face-off versus Frans Nielsen in Kings zone.
9:21 of 3rd period - Snap shot by Sean Couturier.
9:21 of 3rd period - Deflect By Ryan Strome.
9:21 of 3rd period - Stopped by Alexandar Georgiev with a rebound.
9:23 of 3rd period - Wrist shot by Sean Couturier.
9:23 of 3rd period - Stopped by Alexandar Georgiev without a rebound.
9:24 of 3rd period - Sean Couturier wins face-off versus Frans Nielsen in Kings zone.
10:03 of 3rd period - Snap shot by Matt Martin.
10:03 of 3rd period - Stopped by Frederik Andersen without a rebound.
10:04 of 3rd period - Frans Nielsen wins face-off versus Sean Couturier in Rangers zone.
11:18 of 3rd period - Penalty to David Backes is over, David Backes is back on ice.
11:27 of 3rd period - Wrist shot by Mikko Rantanen.
11:27 of 3rd period - Deflect By Johnny Gaudreau.
11:27 of 3rd period - Shot Misses the Net.
11:27 of 3rd period - Puck is out of play.
11:28 of 3rd period - Auston Matthews wins face-off versus Seth Griffith in Rangers zone.
11:51 of 3rd period - Wrist shot by Mikko Rantanen.
11:51 of 3rd period - Stopped by Frederik Andersen with a rebound.
12:05 of 3rd period - Snap shot by Magnus Paajarvi.
12:05 of 3rd period - Shot Misses the Net.
12:07 of 3rd period - Slapshot by Vince Dunn.
12:07 of 3rd period - Deflect By Mikko Rantanen.
12:07 of 3rd period - Stopped by Alexandar Georgiev with a rebound.
12:09 of 3rd period - Slapshot by T.J Galiardi.
12:09 of 3rd period - Goal by T.J Galiardi - Kings : 2 - Rangers : 5.
12:10 of 3rd period - Milan Lucic wins face-off versus Tyler Johnson in neutral zone.
12:19 of 3rd period - Snap shot by Milan Lucic.
12:19 of 3rd period - Shot Misses the Net.
12:21 of 3rd period - Wrist shot by Milan Lucic.
12:21 of 3rd period - Shot Blocked by Colton Parayko.
12:23 of 3rd period - Slapshot by Milan Lucic.
12:23 of 3rd period - Stopped by Alexandar Georgiev without a rebound.
12:24 of 3rd period - Sean Couturier wins face-off versus Sam Bennett in Kings zone.
12:29 of 3rd period - Wrist shot by Milan Lucic.
12:29 of 3rd period - Shot Misses the Net.
12:31 of 3rd period - Minor Penalty to Mitch Marner for Tripping.
12:32 of 3rd period - Sean Couturier wins face-off versus Frans Nielsen in Kings zone.
12:35 of 3rd period - Slapshot by Milan Lucic.
12:35 of 3rd period - Shot Blocked by Colton Parayko.
12:37 of 3rd period - Snap shot by Jake McCabe.
12:37 of 3rd period - Stopped by Alexandar Georgiev with a rebound.
12:39 of 3rd period - Slapshot by Cale Makar.
12:39 of 3rd period - Goal by Cale Makar - Kings : 2 - Rangers : 6.
12:40 of 3rd period - David Backes wins face-off versus Sean Couturier in neutral zone.
12:45 of 3rd period - Snap shot by David Backes.
12:45 of 3rd period - Stopped by Frederik Andersen without a rebound.
12:46 of 3rd period - Sean Couturier wins face-off versus Tyler Johnson in Rangers zone.
12:46 of 3rd period - Sean Couturier is hit by Tyler Johnson.
13:25 of 3rd period - Slapshot by Cale Makar.
13:25 of 3rd period - Stopped by Alexandar Georgiev without a rebound.
13:26 of 3rd period - Henrik Samuelsson wins face-off versus Auston Matthews in Kings zone.
13:27 of 3rd period - Wrist shot by Ondrej Palat.
13:27 of 3rd period - Shot Misses the Net.
13:29 of 3rd period - Snap shot by Ondrej Palat.
13:29 of 3rd period - Stopped by Alexandar Georgiev without a rebound.
13:30 of 3rd period - Auston Matthews wins face-off versus Henrik Samuelsson in Kings zone.
13:58 of 3rd period - Slapshot by Mikko Rantanen.
13:58 of 3rd period - Stopped by Frederik Andersen with a rebound.
14:00 of 3rd period - Slapshot by Neal Pionk.
14:00 of 3rd period - Deflect By Sam Bennett.
14:00 of 3rd period - Shot Misses the Net.
14:00 of 3rd period - Puck is out of play.
14:01 of 3rd period - Sam Bennett wins face-off versus Sean Couturier in Rangers zone.
14:04 of 3rd period - Snap shot by Mitch Marner.
14:04 of 3rd period - Shot Misses the Net.
14:16 of 3rd period - Snap shot by Devante Smith-Pelly.
14:16 of 3rd period - Stopped by Alexandar Georgiev without a rebound.
14:17 of 3rd period - Tomas Hertl wins face-off versus Tyler Johnson in Kings zone.
14:42 of 3rd period - Colton Parayko is hit by Devante Smith-Pelly and loses puck.
15:03 of 3rd period - Wrist shot by Ondrej Palat.
15:03 of 3rd period - Shot Blocked by Mitch Marner.
15:05 of 3rd period - Slapshot by Dmitry Kulikov.
15:05 of 3rd period - Shot Misses the Net.
15:07 of 3rd period - Slapshot by Ondrej Palat.
15:07 of 3rd period - Shot Misses the Net.
15:09 of 3rd period - Slapshot by Vince Dunn.
15:09 of 3rd period - Shot Misses the Net.
15:11 of 3rd period - Snap shot by Henrik Samuelsson.
15:11 of 3rd period - Shot Misses the Net.
15:13 of 3rd period - Slapshot by Vince Dunn.
15:13 of 3rd period - Shot Blocked by Jared Cowen.
15:15 of 3rd period - Slapshot by Patrik Nemeth.
15:15 of 3rd period - Stopped by Alexandar Georgiev with a rebound.
15:44 of 3rd period - Minor Penalty to Seth Griffith for Hooking.
15:45 of 3rd period - Sean Couturier wins face-off versus Auston Matthews in Rangers zone.
15:58 of 3rd period - Slapshot by Kevin Shattenkirk.
15:58 of 3rd period - Stopped by Frederik Andersen without a rebound.
15:59 of 3rd period - Auston Matthews wins face-off versus Sean Couturier in Rangers zone.
16:12 of 3rd period - Wrist shot by Johnny Gaudreau.
16:12 of 3rd period - Stopped by Frederik Andersen with a rebound.
16:14 of 3rd period - Wrist shot by Johnny Gaudreau.
16:14 of 3rd period - Shot Blocked by Jake McCabe.
17:04 of 3rd period - Henrik Samuelsson is hit by Chris Tierney.
17:44 of 3rd period - Penalty to Seth Griffith is over, Seth Griffith is back on ice.
17:58 of 3rd period - Slapshot by Mikhail Sergachev.
17:58 of 3rd period - Shot Blocked by Zac Rinaldo.
18:21 of 3rd period - Devante Smith-Pelly is hit by Colton Parayko and loses puck.
19:53 of 3rd period - Wrist shot by T.J Galiardi.
19:53 of 3rd period - Stopped by Alexandar Georgiev without a rebound.
19:54 of 3rd period - Seth Griffith wins face-off versus Sam Bennett in Kings zone.
Goals for this period are 1 for Kings vs 4 for Rangers.
Shots for this period are 14 for Kings vs 17 for Rangers.